 Dungeon Crawl Stone Soup version 0.19-a0-1068-g99dd0f4 (webtiles) character file.

31 JustSomeDude the Skirmisher (level 3, 0/29 HPs)
             Began as a Demonspawn Monk on Aug 4, 2016.
             Succumbed to an adder's poison
             ... on level 2 of the Dungeon.
             The game lasted 00:02:13 (581 turns).

JustSomeDude the Skirmisher (Demonspawn Monk)        Turns: 581, Time: 00:02:15

Health: 0/29       AC:  2    Str: 12    XL:     3   Next: 7%
Magic:  3/3        EV: 13    Int: 13    God:
Gold:   42         SH:  0    Dex: 17    Spells: 0 memorised, 2 levels left

rFire  . . .     SeeInvis .     a - +0 spear
rCold  . . .     Gourm    .     b - +0 robe
rNeg   . . .     Faith    .     (no shield)
rPois  .         Spirit   .     (helmet restricted)
rElec  .         Dismiss  .     (no cloak)
rCorr  .         Reflect  .     (no gloves)
SustAt .         Harm     .     (no boots)
MR     .....                    (no amulet)
Stlth  ++........               (no ring)
                                (no ring)

@: lethally poisoned (0 -> -11), very slightly contaminated, hasted, very quick
A: antennae 2, agile 1, clever 1, deterioration 1
a: no special abilities


You were on level 2 of the Dungeon.
You were not hungry.

You visited 1 branch of the dungeon, and saw 2 of its levels.

You collected 42 gold pieces.

Inventory:

Hand Weapons
 a - a +0 spear (weapon)
Armour
 b - a +0 robe (worn)
Scrolls
 d - 4 scrolls of identify {unknown}
 e - a scroll of remove curse {unknown}
 k - a scroll of amnesia {unknown}
 l - a scroll of enchant weapon {unknown}
Comestibles
 c - 2 bread rations
 g - a beef jerky
 i - a meat ration
 j - 3 chunks of flesh


   Skills:
 + Level 3.5 Fighting
 + Level 3.1 Polearms
 + Level 3.0 Dodging
 + Level 1.8 Stealth


You had 2 spell levels left.
You didn't know any spells.

Dungeon Overview and Level Annotations

Branches:
Dungeon (2/15)

Altars:


Innate Abilities, Weirdness & Mutations

You have a pair of antennae on your head.
You are agile. (Dex +2)
Your mind is acute. (Int +2)
Your body sometimes deteriorates upon taking damage.


Message History

You closely miss the adder.
The adder is heavily wounded.
* * * LOW HITPOINT WARNING * * *
You feel sick. The adder closely misses you.
You barely miss the adder.
The adder is heavily wounded.
The adder bites you.
* * * LOW HITPOINT WARNING * * *
You are more poisoned.
The adder poisons you!
You barely miss the adder.
The adder is heavily wounded.
* * * LOW HITPOINT WARNING * * *
You feel sick. The adder bites you but does no damage.
You hit the adder but do no damage.
The adder is heavily wounded.
The adder barely misses you.
You closely miss the adder.
The adder is heavily wounded.
You die...

..... .....## #..... #
#....###.
#.#####..[..... ...
#.......#...... #.#.
#.......S...... #.#.
#......@....... ..#.
#.####.###.#..# #.#.
#............## #.#.
#.............######...
#....#.##.##..##.......
#....#............##...
#...............####.##
#######.###.#.#.# #.#
#####.# #†#.#.# #.#


You could see an adder.

Vanquished Creatures
  An ooze (D:1)
  3 dart slugs
  2 giant cockroaches
  3 goblins
  3 hobgoblins
  2 bats (D:1)
  3 kobolds
  2 rats (D:1)
19 creatures vanquished.

Notes
Turn   | Place    | Note
-------+----------+-------------------------------------------
     0 | D:1      | JustSomeDude the Demonspawn Monk began the quest for the Orb.
     0 | D:1      | Reached XP level 1. HP: 18/18 MP: 1/1
   190 | D:1      | Gained mutation: You have a pair of small antennae on your head. [demonic ancestry]
   190 | D:1      | Reached XP level 2. HP: 22/24 MP: 2/2
   527 | D:2      | Gained mutation: You have a pair of antennae on your head. [demonic ancestry]
   527 | D:2      | Reached XP level 3. HP: 22/29 MP: 3/3
   574 | D:2      | Gained mutation: Your body sometimes deteriorates upon taking damage. [potion of mutation]
   574 | D:2      | Gained mutation: Your mind is acute. (Int +2) [potion of mutation]
   574 | D:2      | Gained mutation: You are agile. (Dex +2) [potion of mutation]
   579 | D:2      | HP: 1/29 [poisoned by an adder]
   581 | D:2      | Succumbed to an adder's poison

Vault maps used:
D:1:      lightli_arrival_farm

Skill      XL: |  1  2 |
---------------+-------+-----
Polearms       | 3 |  3.1
Dodging        | 3 |  3.0
Fighting       | |  3.5
Stealth        | |  1.8

Action                   || total
-------------------------++-------
Melee: Spear             ||   104
  Use: Potion            ||     2
 Stab: Sleeping          ||     2
Armor: Robe              ||    10
Dodge: Dodged            ||    55
